 Dungeon Crawl Stone Soup version 0.26-a0-1132-ge9770dfcb6 (webtiles) character file.

Game seed: 8354841384199973145

16062 Dracia the Grappler (level 12, -6/118 HPs)
             Began as a Troll Monk on Dec 21, 2020.
             Mangled by an elephant (17 damage)
             ... on level 2 of the Lair of Beasts.
             The game lasted 00:24:16 (10868 turns).

Dracia the Grappler (Troll Monk)                   Turns: 10868, Time: 00:24:17

Health: -6/118     AC: 14    Str: 22    XL:     12   Next: 6%
Magic:  9/9        EV: 14    Int:  6    God:
Gold:   422        SH:  0    Dex: 16    Spells: 11/11 levels left

rFire    + . .     SeeInvis .     - Unarmed
rCold    . . .     Faith    .   (no shield)
rNeg     . . .     Spirit   .   C - +2 robe {rF+}
rPois    .         Reflect  +   E - +1 hat
rElec    .         Harm     .   D - +0 cloak
rCorr    .         Rampage  .   (gloves unavailable)
Will     +....                  (boots unavailable)
Stlth    +.........             l - amulet of reflection
HPRegen  0.69/turn              c - ring of willpower
MPRegen  0.11/turn              (no ring)

@: confused, lethally poisoned (-6 -> -29)
A: large, unfitting armour, claws 3, slimy green scales 1, thin metallic scales
1, low mp 1, regeneration 1, shaggy fur 1, tough skin 3
a: no special abilities


You were on level 2 of the Lair of Beasts.
You visited 2 branches of the dungeon, and saw 13 of its levels.
You also visited: Sewer and Bailey.

You collected 740 gold pieces.
You spent 318 gold pieces at shops.


Innate Abilities, Weirdness & Mutations

You are too large for most types of armour.
You have claws for hands.
Your natural rate of healing is unusually fast.
You are covered in fur. (AC +1)
You have extremely tough skin. (AC +3)
You are partially covered in slimy green scales. (AC +2)
You are partially covered in thin metallic scales. (AC +2)
Your magical capacity is low. (-10% MP)


   Skills:
 - Level 7.2 Fighting
 - Level 7.2 Dodging
 - Level 1.0 Stealth
 - Level 11.6 Unarmed Combat
 + Level 9.1 Evocations


You had 11 spell levels left.
You didn't know any spells.
Your spell library contained the following spells:

 Spells                   Type           Power        Failure   Level
 Freeze                   Ice            0%           45%         1
 Sandblast                Erth           0%           45%         1
 Passwall                 Tmut/Erth      0%           58%         2
 Frozen Ramparts          Ice            0%           83%         3
 Ozocubu's Armour         Ice            0%           83%         3
 Stone Arrow              Conj/Erth      0%           83%         3
 Hailstorm                Conj/Ice       0%           99%         4
 Petrify                  Tmut/Erth      0%           99%         4
 Summon Ice Beast         Ice/Summ       0%           99%         4
 Lee's Rapid Deconstruct  Erth           0%           100%        5

Inventory:

Missiles
 f - 2 curare-tipped darts {=f=f}
 h - 88 poisoned darts (quivered)
 s - 4 atropa-tipped darts
 v - a throwing net {=f=f}
Armour
 a - a +1 robe
 b - the +2 helmet of Menoum Siyrch {Rampage rN+++ Str-5 Stlth-, unknown}
   (You found it on level 4 of the Dungeon)

   It affects your strength (-5).
   It renders you almost immune to negative energy.
   It bestows one free step when moving towards enemies.
   It makes you less stealthy.
 y - a +0 kite shield
 C - a +2 robe of fire resistance (worn)
 D - a +0 cloak (worn)
 E - a +1 hat (worn)
Jewellery
 c - a ring of willpower (left claw)
 l - an amulet of reflection (around neck)
 Z - an uncursed ring of wizardry
Wands
 r - a wand of enslavement (3)
 t - a wand of flame (10)
Scrolls
 e - 12 scrolls of identify {@r1@r1}
 g - 3 scrolls of enchant weapon
 j - 3 scrolls of teleportation {@r4@r4}
 k - 5 scrolls of remove curse {@r2@r2}
 m - 3 scrolls of amnesia
 o - 4 scrolls of blinking
 w - 2 scrolls of fear
 x - 2 scrolls of noise
 z - a scroll of vulnerability
 A - a scroll of torment
Potions
 d - a potion of flight
 i - 2 potions of cancellation
 n - 2 potions of heal wounds {@q2@q2}
 p - 6 potions of ambrosia
 q - a potion of mutation
 u - 3 potions of curing {@q1@q1}
 B - a potion of resistance

Dungeon Overview and Level Annotations

Branches:
Dungeon (11/15)            Temple (0/1) D:4            Lair (2/6) D:11
  Sewer (visited)          Bailey (visited)
  Swamp: Lair:2-4    Shoals: Lair:2-4     Snake: Lair:2-4    Spider: Lair:2-4
    Orc: D:9-12

Altars:
Ashenzari
Fedhas
Gozag
Makhleb
Okawaru
Trog
Uskayaw
Vehumet
Xom
Yredelemnul
Zin

Shops:
D:5 !*(   D:7 [???   D:8 :

Annotations:
D:9 exclusion: ice statue
Lair:2 Urug

### ### .# ## ###
#.##########.#####.##.## #..#
........................ .....
...................P.P##. .....
......................... .....
......................... .....
.................#....... .....
.......#####.#...#....... .....
........# ####.@#....... ...#P
.......## ##YY........ .....
.......#######o..P....... .....
#............†......##+.#.#..##.#
......#P..######..............?..
....P###### #..^.........####.#
#...#### #............#.....
....##.#########...........#.....
#...#..##.#..##P...........#.....


You could see 2 elephants and Urug.


Message History

You are shoved backwards!
Unknown command.
The elephant barely misses you.
The elephant trunk-slaps you but does no damage.
The elephant tramples you.
* * * LOW HITPOINT WARNING * * *
You are shoved backwards!
You mangle the elephant!!
The elephant is moderately wounded.
Urug hits you from afar with a +2 demon trident of venom!!
* * * LOW HITPOINT WARNING * * *
You are poisoned.
Okay, then.
You are too confused!
You claw the elephant!
The elephant is heavily wounded.
You feel sick.
The elephant tramples you but does no damage.
The elephant trunk-slaps you but does no damage.
Urug hits you from afar with a +2 demon trident of venom!
* * * LOW HITPOINT WARNING * * *
You are lethally poisoned!
You bump into the rock wall.
* * * LOW HITPOINT WARNING * * *
You feel very sick. The elephant tramples you!
* * * LOW HITPOINT WARNING * * *
You hold your ground!
The elephant barely misses you. The elephant tramples you!
You die...

Skill      XL: |  1  2  3  4  5  6  7  8  9 10 11 12 |
---------------+-------------------------------------+-----
Unarmed Combat | 4 6 7 8 10 11 | 11.6
Dodging        | 3 4 5 6 7 |  7.2
Fighting       | 3 4 5 6 7 |  7.2
Evocations     | 4 8 9 |  9.1
Stealth        | |  1.0

Action                   |  1- 3 |  4- 6 |  7- 9 | 10-12 || total
-------------------------+-------+-------+-------+-------++-------
Melee: Unarmed           |    89 |   115 |   338 |   536 ||  1078
       Punch             |       |     5 |     9 |    24 ||    38
Throw: Dart              |       |       |       |     3 ||     3
Evoke: Wand              |       |       |     3 |     4 ||     7
  Use: Potion            |       |    10 |     1 |     6 ||    17
       Scroll            |       |     7 |     4 |     2 ||    13
 Stab: Sleeping          |     2 |     3 |     3 |     5 ||    13
Armor: Robe              |    30 |    28 |   106 |   176 ||   340
Dodge: Dodged            |    40 |    54 |   194 |   328 ||   616
Block: Other             |       |       |    60 |   120 ||   180
       Reflection        |       |       |     3 |     6 ||     9

Levels and vault maps discovered:
D:1:      minmay_arrival_arboretum_small, layout_basic
D:2:      layout_loops_ring, amethyst_overflow_temple_binary, serial_forest,
          infiniplex_forest_lined_room_, infiniplex_forest_lined_3_way,
          infiniplex_forest_clump_small, infiniplex_forest_side_room,
          infiniplex_forest_zigzag_1, infiniplex_forest_end_1,
          infiniplex_forest_3_way
D:3:      layout_basic, grunt_gozag_statues
D:4:      layout_rooms, general_overflow_altar,
          minmay_temple_entry_from_below_a, doesnt_xom_only_xom, uniq_pikel
D:5:      layout_loops_ring, grunt_temple_overflow_order_and_chaos_2,
          serial_shops, shop, shop, nicolae_shop_overgrown_old_shop,
          minmay_crossroads
D:6:      layout_cave_pods, gup_sewer_entry_glass, nicolae_ashenzari_panopticon,
          uniq_duvessa
D:7:      hangedman_cross_stitches, layout_basic, lemuel_round_altar,
          minmay_shop_grid_forest, nicolae_lava_and_water
D:8:      layout_rooms, serial_shops, nicolae_shop_statue_plus, okawaru_humans
D:9:      layout_roguey, kennysheep_mini, minmay_misc_feat_tower, st_stairs_10,
          minivault_16
D:10:     layout_loops_ring, special_room [special_room_bee], uniq_erolcha,
          uniq_grum
D:11:     layout_grid_maze, david_lair_shrubbed, orc_0_dummy, basic_altar,
          enter_bailey_3, serial_shops, shop, nicolae_shop_behind_doors
Lair:1:   layout_cave_pods, eino_small_chamber_without_monster,
          nicolae_lair_grove_arrangements, grunt_megastairs_2, uniq_fannar,
          uniq_gastronok
Lair:2:   layout_chaotic_city, enter_volcano_2, uniq_harold, uniq_urug

Notes
Turn   | Place    | Note
-------+----------+-------------------------------------------
     0 | D:1      | Dracia the Troll Monk began the quest for the Orb.
     0 | D:1      | Reached XP level 1. HP: 22/22 MP: 0/0
   255 | D:1      | Reached XP level 2. HP: 29/29 MP: 1/1
   696 | D:2      | Reached XP level 3. HP: 36/36 MP: 2/2
   835 | D:2      | Reached skill level 4 in Unarmed Combat
   844 | D:2      | Reached XP level 4. HP: 29/44 MP: 3/3
   983 | D:2      | Reached skill level 3 in Dodging
   995 | D:2      | Reached skill level 3 in Fighting
  1366 | D:2      | Found a blossoming altar of Fedhas.
  1366 | D:2      | Found a broken altar of Ashenzari.
  1788 | D:3      | Found an opulent altar of Gozag.
  1970 | D:3      | Reached XP level 5. HP: 48/53 MP: 4/4
  2341 | D:3      | Identified a potion of resistance
  2345 | D:3      | Gained mutation: You are partially covered in thin metallic
                  | scales. (AC +2) [potion of mutation]
  2345 | D:3      | Gained mutation: Your magical capacity is low. (-10% MP)
                  | [potion of mutation]
  2345 | D:3      | Gained mutation: You are partially covered in slimy green
                  | scales. (AC +2) [potion of mutation]
  2724 | D:4      | Noticed Pikel
  2724 | D:4      | Noticed a lemure
  2724 | D:4      | Noticed a lemure
  2724 | D:4      | Noticed a lemure
  2731 | D:4      | Noticed a lemure
  2765 | D:4      | Killed Pikel
  2766 | D:4      | Reached skill level 4 in Fighting
  2766 | D:4      | Reached skill level 4 in Dodging
  2766 | D:4      | Reached skill level 6 in Unarmed Combat
  2766 | D:4      | Reached XP level 6. HP: 23/62 MP: 4/4
  2766 | D:4      | Reached XP level 7. HP: 25/70 MP: 5/5
  2854 | D:4      | Got a faintly glowing helmet
  2960 | D:4      | Found a radiant altar of Vehumet.
  3060 | D:4      | Found a hide-covered altar of Uskayaw.
  3062 | D:4      | Found a sacrificial altar of Ru.
  3062 | D:4      | Found a shimmering altar of Xom.
  3064 | D:4      | Found a bloodstained altar of Trog.
  3064 | D:4      | Found a radiant altar of Vehumet.
  3064 | D:4      | Found a shimmering altar of Xom.
  3130 | D:4      | Found a staircase to the Ecumenical Temple.
  3234 | D:5      | Entered Level 5 of the Dungeon
  3334 | D:5      | Found Ycki Tyss's Assorted Antiques.
  3407 | D:5      | Reached skill level 7 in Unarmed Combat
  3420 | D:5      | Reached XP level 8. HP: 77/79 MP: 6/6
  3456 | D:5      | Found Soneza's Weapon Emporium.
  3638 | D:5      | Found Ekuibesm's Distillery.
  3642 | D:5      | Bought a potion of heal wounds for 55 gold pieces
  3642 | D:5      | Bought a potion of ambrosia for 88 gold pieces
  3690 | D:5      | Found a burning altar of Makhleb.
  3695 | D:5      | Found a glowing silver altar of Zin.
  3695 | D:5      | Noticed an angel
  3696 | D:5      | Noticed a blizzard demon
  4310 | D:6      | Reached skill level 8 in Unarmed Combat
  4365 | D:6      | Reached skill level 5 in Fighting
  4365 | D:6      | Reached skill level 5 in Dodging
  4407 | D:6      | Found a broken altar of Ashenzari.
  4632 | D:6      | Noticed Dowan
  4632 | D:6      | Noticed Duvessa
  4645 | D:6      | Killed Duvessa
  4652 | D:6      | Killed Dowan
  4747 | D:6      | Reached XP level 9. HP: 88/88 MP: 7/7
  4749 | D:6      | Reached skill level 9 in Unarmed Combat
  4853 | D:6      | Found a glowing drain.
  4877 | Sewer    | Entered a sewer
  5652 | D:7      | Identified the cursed +1 ring mail of Generosity {Regen+
                  | Dex-3 Stlth+}
  5888 | D:7      | Reached skill level 6 in Fighting
  5916 | D:7      | Reached skill level 6 in Dodging
  5956 | D:7      | Reached skill level 10 in Unarmed Combat
  5975 | D:7      | HP: 8/89 [poisoned by an orc warrior]
  5981 | D:7      | HP: 7/89 [poisoned by an orc warrior]
  5986 | D:7      | HP: 6/89 [poisoned by an orc warrior]
  5991 | D:7      | HP: 7/89 [poisoned by an orc warrior]
  5997 | D:7      | HP: 8/89 [poisoned by an orc warrior]
  6432 | D:7      | Found an iron altar of Okawaru.
  6512 | D:7      | Found Roatanke's Magic Scroll Boutique.
  6513 | D:7      | Found Egri's Magic Scroll Boutique.
  6513 | D:7      | Found Yzaczaro's Armour Boutique.
  6513 | D:7      | Found Wutwaur's Magic Scroll Boutique.
  6519 | D:7      | Bought a scroll of vulnerability for 82 gold pieces
  6519 | D:7      | Bought a scroll of torment for 82 gold pieces
  6519 | D:7      | Bought a scroll of noise for 11 gold pieces
  6843 | D:8      | Reached XP level 10. HP: 69/100 MP: 8/8
  7004 | D:8      | Reached skill level 11 in Unarmed Combat
  7131 | D:8      | Found Cuximep's Book Shop.
  7310 | D:8      | Found an iron altar of Okawaru.
  7405 | D:9      | Noticed a two-headed ogre
  7414 | D:9      | Killed a two-headed ogre
  7415 | D:9      | Reached skill level 7 in Fighting
  7415 | D:9      | Reached skill level 7 in Dodging
  7424 | D:9      | Noticed a two-headed ogre
  7428 | D:9      | Killed a two-headed ogre
  7547 | D:9      | Noticed an ice statue
  7572 | D:9      | Reached skill level 1 in Evocations
  7744 | D:9      | Noticed a two-headed ogre
  7746 | D:9      | Reached skill level 2 in Evocations
  7779 | D:9      | Killed a two-headed ogre
  7780 | D:9      | Reached skill level 3 in Evocations
  7948 | D:9      | Found a basalt altar of Yredelemnul.
  8207 | D:9      | Reached skill level 4 in Evocations
  8210 | D:9      | Reached XP level 11. HP: 46/109 MP: 8/8
  8459 | D:10     | Entered Level 10 of the Dungeon
  8696 | D:10     | Reached skill level 5 in Evocations
  8786 | D:10     | Noticed Erolcha
  8794 | D:10     | Killed Erolcha
  8840 | D:10     | Noticed Grum
  8853 | D:10     | Killed Grum
  8854 | D:10     | Reached skill level 6 in Evocations
  9471 | D:10     | Reached skill level 7 in Evocations
  9959 | D:11     | Found a flagged portal.
  9996 | Bailey   | Entered a bailey
 10038 | D:11     | Found a staircase to the Lair.
 10084 | Lair:1   | Entered Level 1 of the Lair of Beasts
 10141 | Lair:1   | Noticed Gastronok
 10159 | Lair:1   | Killed Gastronok
 10160 | Lair:1   | Reached skill level 8 in Evocations
 10492 | Lair:2   | Noticed a seven-headed hydra
 10499 | Lair:2   | Reached XP level 12. HP: 74/118 MP: 9/9
 10617 | Lair:2   | Noticed Urug
 10849 | Lair:2   | Reached skill level 9 in Evocations
 10868 | Lair:2   | HP: 11/118 [elephant (8)]
 10868 | Lair:2   | Mangled by an elephant

Vanquished Creatures
  Gastronok (Lair:1)
  Erolcha (D:10)
  3 two-headed ogres (D:9)
  Pikel (D:4)
  3 elephants (Lair:2)
  A cane toad (Lair:1)
  A gargoyle (D:10)
  3 komodo dragons
  2 trolls
  A hornet (D:8)
  A vampire (D:10)
  A wraith (D:7)
  2 humans (D:8)
  Grum (D:10)
  Duvessa (D:6)
  5 water moccasins
  5 orc warriors
  A black bear (D:8)
  2 ice beasts
  3 sky beasts
  2 phantoms
  5 ogres
  4 centaurs
  3 wolves (D:10)
  A big kobold (D:9)
  11 bullfrogs
  Dowan (D:6)
  3 scorpions
  A water moccasin skeleton (D:6)
  13 wights
  26 killer bees
  3 howler monkeys
  A quasit (D:9)
  A bullfrog zombie (D:5)
  12 orc priests
  4 jellies
  2 centaur skeletons
  5 hounds
  9 orc wizards
  A bullfrog skeleton (D:5)
  4 iguanas
  12 worker ants
  A hound zombie (D:6)
  3 worker ant zombies
  4 gnolls
  12 adders
  2 shadow imps
  A white imp (D:5)
  3 ufetubi
  2 oozes
  3 adder zombies
  An adder skeleton (D:9)
  2 worms (D:2)
  A dart slug (D:1)
  4 leopard geckos
  42 orcs
  12 giant cockroaches
  14 goblins
  7 hobgoblins
  9 jackals
  5 quokkas
  5 bats
  4 frilled lizards
  16 kobolds
  12 rats
328 creatures vanquished.

Vanquished Creatures (collateral kills)
  A killer bee (D:10)
  A centaur zombie (D:7)
  3 gnolls (D:7)
5 creatures vanquished.

Vanquished Creatures (others)
  A queen bee (D:10)
  A killer bee (D:10)
  9 fungi (Lair:2)
  15 plants
26 creatures vanquished.

Grand Total: 359 creatures vanquished

Table legend: (Time is in decaauts)
 A = Elapsed time spent in this place.
 B = Non-inter-level travel time spent in this place.
 C = Inter-level travel time spent in this place.
 D = Time resting spent in this place.
 E = Time spent auto-exploring this place.
 F = Levels seen in this place.
 G = Mean time per level.
                   A        B        C        D        E       F      G
               +--------+--------+--------+--------+--------+-----+--------+
         Total |  10683 |  10280 |    403 |   1222 |   6308 |  15 |  712.2 |
       Dungeon |   9794 |   9391 |    403 |   1062 |   6187 |  11 |  890.4 |
          Lair |    765 |    765 |      0 |    160 |     66 |   2 |  382.5 |
         Sewer |    118 |    118 |      0 |      0 |     55 |   1 |  118.0 |
        Bailey |      4 |      4 |      0 |      0 |      0 |   1 |    4.0 |
               +--------+--------+--------+--------+--------+-----+--------+

Top non-repeatable levels by time:
     D:7: 1271 daAuts
    D:10: 1258 daAuts
     D:3: 1214 daAuts
     D:6: 1103 daAuts
     D:5: 1046 daAuts
     D:9: 1030 daAuts
     D:2: 866 daAuts
     D:1: 610 daAuts
     D:8: 569 daAuts
     D:4: 506 daAuts
  Lair:2: 451 daAuts
    D:11: 317 daAuts
  Lair:1: 313 daAuts
   Sewer: 118 daAuts
  Bailey: 4 daAuts

Table legend:
 A = Non-vault XP
 B = Vault XP
 C = Vault XP percentage of total XP
 D = Non-vault monster count
 E = Vault monster count
 F = Vault count percentage of total count
                 A         B        C        D         E       F
            +---------+---------+-------+---------+---------+-------
      Total |   14767 |    8180 |  35.6 |     273 |      60 |  18.0
            +---------+---------+-------+---------+---------+-------
        D:1 |      29 |       0 |   0.0 |      18 |       0 |   0.0
        D:2 |     138 |       0 |   0.0 |      34 |       0 |   0.0
        D:3 |      64 |       0 |   0.0 |      19 |       0 |   0.0
        D:4 |      12 |     641 |  98.2 |       3 |       1 |  25.0
        D:5 |     898 |     112 |  11.1 |      25 |       1 |   3.8
        D:6 |    1087 |     248 |  18.6 |      24 |       6 |  20.0
        D:7 |    1294 |     289 |  18.3 |      33 |       7 |  17.5
        D:8 |    1457 |     385 |  20.9 |      28 |       2 |   6.7
        D:9 |    4248 |     170 |   3.8 |      42 |       2 |   4.5
       D:10 |    2913 |    2959 |  50.4 |      36 |      27 |  42.9
       D:11 |     336 |     356 |  51.4 |       5 |       5 |  50.0
     Lair:1 |     518 |    2854 |  84.6 |       2 |       3 |  60.0
     Lair:2 |    1773 |       0 |   0.0 |       4 |       0 |   0.0
      Sewer |       0 |     166 | 100.0 |       0 |       6 | 100.0
            +---------+---------+-------+---------+---------+-------
